 Dungeon Crawl Stone Soup version 0.27.1-3-gb3d3a73c9e (webtiles) character file.

Game seed: 1802860753248924620

50387 Gabide the Carver (level 14, -16/119 HPs)
             Began as a Human Artificer on Oct 29, 2021.
             Was an Elder of Ashenzari.
             Demolished by a two-headed ogre (19 damage)
             ... on level 11 of the Dungeon.
             The game lasted 01:09:50 (22037 turns).

Gabide the Carver (Human Artificer)                Turns: 22037, Time: 01:09:51

Health: -16/119    AC: 15    Str: 20    XL:     14   Next: 97%
Magic:  14/14      EV: 18    Int: 12    God:    Ashenzari [****..]
Gold:   1960       SH:  5    Dex: 17    Spells: 13/13 levels left

rFire    . . .     SeeInvis +   K - +8 scimitar "Tethered With Me" {elec, rC+, Self, Evo} (curse)
rCold    + + .     Faith    .   (no shield)
rNeg     + . .     Spirit   .   m - +3 ring mail {rC+}
rPois    .         Reflect  +   c - +1 helmet "Mantic Foul Odors" {Cun, Self} (curse)
rElec    .         Harm     .   p - +0 cloak of Ashenzari's Black Moon {Alch, Bglg} (curse)
rCorr    .         Rampage  .   (no gloves)
Will     +....     Clarity  +   L - +0 pair of boots of Ashenzari's Insecurity {Melee, Alch} (curse)
Stlth    +++.......             g - amulet of Ashenzari's Portent {Reflect SH+5, Cun, Fort} (curse)
HPRegen  0.29/turn              d - ring of Tics {Fly rN+ Slay+6 Stlth-}
MPRegen  0.14/turn              z - ring of the Cursed Monotheism {Str+6, Range, Melee} (curse)

@: flying
A: no striking features
a: Renounce Religion, Curse Item, Shatter the Chains


You were on level 11 of the Dungeon.
You worshipped Ashenzari.
Ashenzari was greatly pleased with you.
You visited 2 branches of the dungeon, and saw 15 of its levels.
You visited 1 bazaar.
You also visited: Sewer.

You collected 2192 gold pieces.
You spent 232 gold pieces at shops.

Inventory:

Hand Weapons
 k - the +11 short sword "Osulot" {vorpal, rElec rC+ Dex+4}
   (You found it on level 6 of the Dungeon)

   It inflicts extra damage upon your enemies.
   Dex:       It affects your dexterity (+4).
   rC:        It protects you from cold.
   rElec:     It insulates you from electricity.
 q - a +4 demon whip of distortion
 K - the cursed +8 scimitar "Tethered With Me" (weapon) {elec, rC+, Self, Evo}
   (You took it off a centaur warrior on level 11 of the Dungeon)

   It occasionally discharges a powerful burst of electricity upon striking a
   foe.
   rC:        It protects you from cold.
   It has a curse which improves the following skills: Introspection: Fighting
   and Spellcasting.
   Evocations: Evocations.
Armour
 c - the cursed +1 helmet "Mantic Foul Odors" (worn) {Cun, Self}
   (You found it on level 3 of the Dungeon)

   It has a curse which improves the following skills: Cunning: Dodging and
   Stealth.
   Introspection: Fighting and Spellcasting.
 m - a +3 ring mail of cold resistance (worn)
 p - the cursed +0 cloak of Ashenzari's Black Moon (worn) {Alch, Bglg}
   (You found it on level 3 of the Dungeon)

   It has a curse which improves the following skills: Alchemy: Poison Magic and
   Transmutations.
   Beguiling: Conjurations, Hexes and Translocations.
 v - a +0 cloak
 F - a +1 chain mail of fire resistance
 L - the cursed +0 pair of boots of Ashenzari's Insecurity (worn) {Melee, Alch}
   (You found it on level 11 of the Dungeon)

   It has a curse which improves the following skills: Melee Combat: Short
   Blades, Long Blades, Axes, Maces & Flails, Polearms, Staves and Unarmed
   Combat.
   Alchemy:   Poison Magic and Transmutations.
Jewellery
 d - the ring of Tics (left hand) {Fly rN+ Slay+6 Stlth-}
   (You acquired it on level 13 of the Dungeon)

   [ring of flight]

   Slay:      It affects your accuracy & damage with ranged weapons and melee
   (+6).
   rN:        It protects you from negative energy.
   Fly:       It grants you flight.
   Stlth:     It makes you less stealthy.
 g - the cursed amulet of Ashenzari's Portent (around neck) {Reflect SH+5, Cun, Fort}
   (You found it on level 3 of the Dungeon)

   [amulet of reflection]

   It reflects blocked missile attacks.
   SH:        It affects your SH (+5).
   It has a curse which improves the following skills: Cunning: Dodging and
   Stealth.
   Fortitude: Armour and Shields.
 z - the cursed ring of the Cursed Monotheism (right hand) {Str+6, Range, Melee}
   (You found it on level 8 of the Dungeon)

   [ring of strength]

   Str:       It affects your strength (+6).
   It has a curse which improves the following skills: Ranged Combat: Slings,
   Bows, Crossbows and Throwing.
   Melee Combat: Short Blades, Long Blades, Axes, Maces & Flails, Polearms,
   Staves and Unarmed Combat.
Wands
 E - a wand of iceblast (30)
Scrolls
 a - 3 scrolls of amnesia
 b - a scroll of silence
 f - 2 scrolls of brand weapon
 t - 3 scrolls of fog
 u - 2 scrolls of teleportation
 y - 2 scrolls of enchant weapon
 I - 2 scrolls of magic mapping
Potions
 h - 6 potions of brilliance
 A - 2 potions of ambrosia
Miscellaneous
 e - a piece from Xom's chessboard (15/15)
 M - a phial of floods (inert)


   Skills:
 * Level 10.7(13.9) Fighting
 - Level 9.9(14.5) Short Blades
 * Level 11.0(15.2) Long Blades
 - Level 1.1(3.2) Maces & Flails
 - Level 5.3(8.8) Polearms
 + Level 7.6(9.9) Armour
 * Level 10.1(13.3) Dodging
 + Level 6.3(9.9) Stealth
 - Level 0.1(0.4) Shields
 * Level 10.1(12.2) Evocations


You had 13 spell levels left.
You didn't know any spells.
Your spell library contained the following spells:

 Spells                   Type           Power      Damage    Failure   Level
 Apportation              Tloc           2%         N/A       38%         1
 Corona                   Hex            1%         N/A       38%         1
 Magic Dart               Conj           4%         1d3       38%         1
 Animate Skeleton         Necr           0%         N/A       43%         1
 Pain                     Necr           0%         1d4       43%         1
 Sandblast                Erth           0%         2d4       43%         1
 Summon Small Mammal      Summ           0%         N/A       43%         1
 Wereblood                Tmut           1%         N/A       52%         2
 Passwall                 Tmut/Erth      0%         N/A       54%         2
 Ensorcelled Hibernation  Hex/Ice        0%         N/A       56%         2
 Call Imp                 Summ           0%         N/A       58%         2
 Sublimation of Blood     Necr           0%         N/A       58%         2
 Dazzling Flash           Conj/Hex       2%         N/A       77%         3
 Tukima's Dance           Hex            1%         N/A       77%         3
 Mephitic Cloud           Conj/Pois/Air  0%         N/A       78%         3
 Frozen Ramparts          Ice            0%         1d2       82%         3
 Vampiric Draining        Necr           0%         2d6       82%         3
 Ice Form                 Ice/Tmut       0%         N/A       99%         4
 Iskenderun's Mystic Bla  Conj/Tloc      1%         2d3       99%         4
 Petrify                  Tmut/Erth      0%         N/A       99%         4
 Summon Ice Beast         Ice/Summ       0%         N/A       99%         4
 Fireball                 Conj/Fire      0%         3d3       100%        5
 Irradiate                Conj/Tmut      0%         3d14      100%        5
 Lee's Rapid Deconstruct  Erth           0%         3d5*      100%        5
 Starburst                Conj/Fire      0%         6d3       100%        6
 Summon Hydra             Summ           0%         N/A       100%        7
 Ignition                 Fire           0%         3d3       100%        8


Dungeon Overview and Level Annotations

Branches:
Dungeon (14/15)            Temple (0/1) D:5            Lair (0/6) D:10
    Orc (1/2) D:11         Vaults (0/5) D:13          Sewer (visited)

Altars:
Ashenzari
Fedhas
Gozag

Shops:
D:14 *

Annotations:
D:4 2 runed translucent doors, Tzialkovskiy's ghost, novice HOBe
D:9 3 runed translucent doors, chujev's ghost, novice DsAK
D:14 Pihehoup's ghost, journeyman DECj


Message History

The two-headed ogre hits you with a +0 giant club!
You slice the ogre mage!!
Lightning courses through the ogre mage!!
The ogre mage is severely wounded.
An orc warrior comes into view. It is wielding a +0 halberd.
You block the ogre mage's attack.
The two-headed ogre hits you with a +0 dire flail!
The two-headed ogre completely misses you.
The two-headed ogre hits you with a +0 giant club!! x2
The orc warrior shouts!
You slice the ogre mage!!
You kill the ogre mage!
The two-headed ogre closely misses you. x2
The two-headed ogre completely misses you.
The two-headed ogre hits you with a +0 giant club!
Your base Long Blades skill increases to level 11!
The two-headed ogre misses you. You block the two-headed ogre's attack.
The two-headed ogre misses you. The two-headed ogre closely misses you.
There is a staircase back to the Dungeon here.
You block the orc's attack. You block the two-headed ogre's attack.
The two-headed ogre barely misses you.
You fly upwards.
Welcome back to the Dungeon!
There is a staircase to the Orcish Mines here.
The two-headed ogre hits you with a +0 dire flail!
The two-headed ogre closely misses you.
The two-headed ogre hits you with a +0 giant club!
The two-headed ogre closely misses you. The orc hits you but does no damage.
The two-headed ogre misses you.
You riposte.
You barely miss the two-headed ogre. The two-headed ogre misses you.
The orc closely misses you.
The two-headed ogre hits you with a +0 giant club!!
* * * LOW HITPOINT WARNING * * *
The two-headed ogre hits you with a +0 giant club!
* * * LOW HITPOINT WARNING * * *
The two-headed ogre misses you. You block the two-headed ogre's attack.
Okay, then.
Okay, then.
You block the two-headed ogre's attack.
The two-headed ogre hits you with a +0 giant club!!
You die...

###### ###### .....#
############# .....#
##....#.....##
.....####..####..[.>## ####
..........### #..Oo.## ### #...
......#...#####.OO..####.#####.##
#####.##....###.@....##..........
#.#..##.###.........###...###
#...###............##...###
##..########...........###
#####..########.....#...###
#####..## #..........#####
........#########.#...##.....####
......#....##.....#..###.###.....
......###...#.####>....#.........


You could see 3 two-headed ogres and an orc.

Vanquished Creatures
  Frances (D:14)
  Kirke (D:14)
  Agnes (D:14)
  A fire dragon (D:14)
  A rakshasa (D:11)
  Erolcha (D:9)
  3 boulder beetles
  4 hydras
  An ogre mage (Orc:1)
  A catoblepas (D:11)
  2 centaur warriors
  A tengu warrior (D:14)
  4 two-headed ogres
  Urug (D:10)
  A shock serpent (shapeshifter) (D:14)
  7 hell knights (D:14)
  A flayed ghost (D:14)
  A deep troll (D:13)
  An obsidian statue (D:14)
  2 deep elf pyromancers
  A wizard (D:14)
  3 necromancers
  An ugly thing (D:12)
  5 cyclopes
  An elephant (shapeshifter) (D:11)
  2 gargoyles
  4 kobold demonologists
  2 unseen horrors
  A yaktaur (D:11)
  3 tengu conjurers
  An efreet (D:13)
  2 trolls
  Grinder (D:6)
  15 slime creatures
  2 dream sheep (D:9)
  3 wyverns
  2 shadows
  6 hogs (D:14)
  4 wraiths
  19 yaks
  A vampire (D:11)
  A human (D:14)
  2 basilisks
  A steam dragon (D:7)
  4 vampire mosquitoes (D:11)
  7 hell hounds (D:14)
  2 water moccasins (D:8)
  3 acid dragons
  4 orc warriors
  2 black bears
  An ice beast (D:7)
  4 ogres
  7 centaurs
  2 phantoms (D:4)
  3 gnoll sergeants
  7 kobold brigands
  2 bullfrogs
  2 scorpions
  5 wights (D:6)
  7 howler monkeys
  A crimson imp (D:14)
  A bullfrog zombie (D:6)
  4 jellies
  8 centaur zombies
  6 orc priests
  2 hounds (D:5)
  A bullfrog skeleton (D:6)
  3 iguanas
  2 orc wizards
  A howler monkey zombie (D:7)
  10 gnolls
  8 adders
  2 shadow imps
  A white imp (D:5)
  6 worms
  2 dart slugs
  17 orcs
  5 ball pythons
  26 endoplasms
  7 giant cockroaches
  5 goblins
  7 hobgoblins
  9 jackals
  36 kobolds
  5 quokkas
  12 bats
  3 frilled lizards
  3 rats
  A bush (D:10)
375 creatures vanquished.

Vanquished Creatures (collateral kills)
  2 boulder beetles (D:13)
  An ugly thing (D:13)
  Joseph (D:9)
  An orc warrior (D:9)
  An orc wizard (D:9)
  2 orcs
  2 worms (Sewer)
10 creatures vanquished.

Vanquished Creatures (others)
  A human (D:14)
  A hound (D:6)
  An iguana (D:6)
  2 orc wizards
  2 bushes (D:6)
  3 fungi (D:3)
  6 plants (D:1)
  8 toadstools (D:3)
24 creatures vanquished.

Grand Total: 409 creatures vanquished

Notes
Turn   | Place    | Note
-------+----------+-------------------------------------------
     0 | D:1      | Gabide the Human Artificer began the quest for the Orb.
     0 | D:1      | Reached XP level 1. HP: 15/15 MP: 1/1
   270 | D:1      | Reached XP level 2. HP: 6/21 MP: 2/2
  1164 | D:1      | Reached XP level 3. HP: 21/26 MP: 3/3
  1529 | D:1      | Reached skill level 1 in Maces & Flails
  2583 | D:2      | Reached XP level 4. HP: 5/32 MP: 4/4
  2939 | D:2      | Found a broken altar of Ashenzari.
  2947 | D:2      | Became a worshipper of Ashenzari the Shackled
  3076 | D:2      | Noticed a great orb of eyes
  3078 | D:2      | Found a faded altar of an unknown god.
  3080 | D:2      | Noticed a shining eye
  3080 | D:2      | Noticed a floating eye
  3080 | D:2      | Noticed a golden eye
  3600 | D:3      | Found a glowing drain.
  3621 | D:3      | Reached skill level 1 in Short Blades
  3740 | Sewer    | Entered a sewer
  4151 | Sewer    | Reached XP level 5. HP: 37/37 MP: 5/5
  5478 | D:3      | Reached XP level 6. HP: 43/43 MP: 6/6
  5611 | D:3      | Reached skill level 1 in Polearms
  6127 | D:4      | Reached XP level 7. HP: 37/50 MP: 7/7
  6514 | D:4      | Found a runed translucent door.
  6515 | D:4      | Noticed Tzialkovskiy's ghost (novice HOBe)
  6644 | D:4      | Found a runed translucent door.
  6817 | D:5      | Entered Level 5 of the Dungeon
  6883 | D:5      | Found a staircase to the Ecumenical Temple.
  7289 | D:5      | Reached XP level 8. HP: 57/57 MP: 8/8
  7448 | D:6      | Reached * piety under Ashenzari
  7530 | D:6      | Found a blossoming altar of Fedhas.
  7535 | D:6      | Noticed Grinder
  8576 | D:6      | Reached skill level 5 in Polearms
  8846 | D:6      | Reached ** piety under Ashenzari
  8885 | D:6      | Identified the +11 short sword "Osulot" {vorpal, rElec rC+
                  | Dex+4}
  8938 | D:6      | Paralysed by Grinder for 5 turns
  8948 | D:6      | Paralysed by Grinder for 3 turns
  8955 | D:6      | Killed Grinder
  8956 | D:6      | Reached skill level 5 in Evocations
  8956 | D:6      | Reached XP level 9. HP: 50/68 MP: 9/9
  9688 | D:7      | Reached skill level 5 in Dodging
 10169 | D:8      | Reached skill level 5 in Short Blades
 10169 | D:8      | Reached XP level 10. HP: 77/77 MP: 10/10
 10182 | D:8      | Reached skill level 5 in Fighting
 10800 | D:8      | Reached *** piety under Ashenzari
 10924 | D:9      | Noticed Joseph
 10961 | D:9      | Killed Joseph
 11246 | D:9      | Noticed a cyclops
 11254 | D:9      | Reached skill level 5 in Armour
 11261 | D:9      | Killed a cyclops
 11544 | D:9      | Reached XP level 11. HP: 82/86 MP: 11/11
 11562 | D:9      | Noticed a three-headed hydra
 11572 | D:9      | Killed a three-headed hydra
 11962 | D:9      | Found a runed translucent gate.
 11963 | D:9      | Found a runed translucent gate.
 11964 | D:9      | Found a runed translucent gate.
 11966 | D:9      | Noticed chujev's ghost (novice DsAK)
 12076 | D:10     | Entered Level 10 of the Dungeon
 12124 | D:10     | Noticed Urug
 12149 | D:10     | Killed Urug
 13317 | D:10     | Found a staircase to the Lair.
 13395 | D:11     | Found a staircase to the Orcish Mines.
 13415 | D:11     | Reached skill level 5 in Stealth
 13518 | D:11     | Reached XP level 12. HP: 95/95 MP: 12/12
 13600 | D:11     | Noticed a catoblepas
 13622 | D:11     | Killed a catoblepas
 13734 | D:11     | Noticed a rakshasa
 13757 | D:11     | Killed a rakshasa
 14106 | D:11     | Identified the +8 scimitar "Lyhimm" {elec, rC+}
 14106 | D:11     | Noticed a centaur warrior
 14116 | D:11     | Killed a centaur warrior
 14256 | D:11     | Reached skill level 1 in Long Blades
 14519 | D:11     | Reached skill level 2 in Long Blades
 14784 | D:12     | Reached skill level 3 in Long Blades
 14978 | D:12     | Noticed a boulder beetle
 15009 | D:12     | Killed a boulder beetle
 15010 | D:12     | Reached XP level 13. HP: 61/104 MP: 13/13
 15167 | D:12     | Noticed a boulder beetle
 15180 | D:12     | Killed a boulder beetle
 15181 | D:12     | Reached skill level 4 in Long Blades
 15777 | D:12     | Reached skill level 5 in Long Blades
 16917 | D:13     | Reached skill level 6 in Long Blades
 17001 | D:13     | Noticed a boulder beetle
 17002 | D:13     | Reached **** piety under Ashenzari
 17018 | D:13     | Killed a boulder beetle
 17023 | D:13     | Noticed a boulder beetle
 17030 | D:13     | Noticed a boulder beetle
 17062 | D:13     | Killed a boulder beetle
 17095 | D:13     | Killed a boulder beetle
 17443 | D:13     | Reached skill level 7 in Long Blades
 17474 | D:13     | Noticed a centaur warrior
 17492 | D:13     | Killed a centaur warrior
 17595 | D:13     | Found a flickering gateway to a bazaar.
 17601 | Bazaar   | Entered a bazaar
 17602 | Bazaar   | Found Risuob's Weapon Shop.
 17602 | Bazaar   | Found Tuguur's Book Boutique.
 17603 | Bazaar   | Found Vyrumaur's Book Emporium.
 17633 | Bazaar   | Found Nuucu's Assorted Antiques.
 17695 | D:13     | Identified a scroll of acquirement
 17704 | D:13     | Acquired the ring of Tics {Fly rN+ Slay+6 Stlth-}
 17870 | D:13     | Found a gate to the Vaults.
 17937 | D:13     | Identified the +5 dagger "Fuugg" {vorpal, Str+6 Dex-5}
 17997 | D:13     | Noticed a four-headed hydra
 18232 | D:13     | Killed a four-headed hydra
 18233 | D:13     | Reached skill level 8 in Long Blades
 18743 | D:14     | Reached XP level 14. HP: 116/116 MP: 14/14
 18810 | D:14     | Noticed Agnes
 18817 | D:14     | Killed Agnes
 19135 | D:14     | Acquired 857 gold pieces
 19149 | D:14     | Noticed Frances
 19165 | D:14     | Reached skill level 10 in Fighting
 19180 | D:14     | Killed Frances
 19181 | D:14     | Reached skill level 9 in Long Blades
 19570 | D:14     | Reached skill level 10 in Evocations
 19609 | D:14     | HP: 2/118 [hell knight (4)]
 19612 | D:14     | Reached skill level 10 in Long Blades
 20102 | D:14     | Noticed Kirke
 20130 | D:14     | Killed Kirke
 20327 | D:14     | Found Pugat's Assorted Antiques.
 20330 | D:14     | Found a runed translucent gate.
 20330 | D:14     | Found a runed translucent gate.
 20330 | D:14     | Found a runed translucent gate.
 20331 | D:14     | Found an opulent altar of Gozag.
 20331 | D:14     | Noticed Pihehoup's ghost (journeyman DECj)
 20630 | D:14     | Reached skill level 10 in Dodging
 20976 | D:14     | Bought a scroll of silence for 232 gold pieces
 21018 | D:14     | HP: 3/119 [something (3)]
 21930 | D:9      | Noticed Erolcha
 21941 | D:9      | Killed Erolcha
 22022 | Orc:1    | Entered Level 1 of the Orcish Mines
 22028 | Orc:1    | Reached skill level 11 in Long Blades
 22035 | D:11     | HP: 3/119 [two-headed ogre (16)]
 22037 | D:11     | Demolished by a two-headed ogre

Illustrated notes

Levels and vault maps discovered:
D:1:      dpeg_arrival_court, layout_loops_ring, minivault_5, chequers_big_river
D:2:      layout_basic, basic_altar, hellmonk_ecumenical_altar_watching_god,
          kennysheep_decorative_pillar
D:3:      cheibrodos_fertilizer, layout_loops_ring, portal_sewer_entry_a
D:4:      layout_loops_ring, ebering_ghost_sewer_f
D:5:      layout_rooms, minmay_temple_entry_offerings
D:6:      layout_basic, fedhas_bush_and_centaur_altar, uniq_grinder
D:7:      layout_cave_pools
D:8:      layout_loops_ring, minmay_misc_feat_more_columns, fungi_pond_lemuel
D:9:      layout_small_grid, ebering_ghost_rock_garden, hangedman_ranch,
          uniq_erolcha, uniq_joseph
D:10:     layout_loops_ring, grunt_lair_entry_orc_guard_hut,
          kb_lookout_dungeons_type, uniq_urug
D:11:     minmay_the_grid_octo_2x2 [minmay_the_grid_octo_fat_diamond,
          minmay_the_grid_octo_toaster, minmay_the_grid_octo_checkerflower,
          minmay_the_grid_octo_prize_big_c], layout_rooms
D:12:     layout_grid_maze
D:13:     layout_gridville, david_vaults_4, serial_shops, bzr_entry_safe,
          hangedman_abyss_or_decor_lesser_grid, minmay_increasing_density
D:14:     layout_gridville, ebering_ghost_gozag, minmay_misc_feat_roman,
          hangedman_stone_soup, minmay_rotating_lava, uniq_kirke, uniq_agnes,
          uniq_frances
Orc:1:    layout_caves, ebering_ghost_xom, enter_bailey_2, serial_shops,
          nicolae_diamond_shop, nicolae_shop_behind_doors, shop,
          minmay_orc_treasury, uniq_harold

Skill      XL: |  1  2  3  4  5  6  7  8  9 10 11 12 13 14 |
---------------+-------------------------------------------+-----
Maces & Flails | 1 |  1.1
Short Blades   | 1 2 3 5 7 9 |  9.9
Dodging        | 2 3 4 5 6 7 8 9 10 | 10.1
Stealth        | 2 3 4 5 6 |  6.3
Polearms       | 2 4 5 |  5.3
Fighting       | 2 3 4 6 7 9 10 | 10.7
Armour         | 3 4 5 6 7 |  7.6
Evocations     | 5 6 7 8 9 10 | 10.1
Long Blades    | 3 8 11 | 11.0
Shields        | |  0.1

Action                   |  1- 3 |  4- 6 |  7- 9 | 10-12 | 13-15 || total
-------------------------+-------+-------+-------+-------+-------++-------
Melee: Club              |    33 |       |       |       |       ||    33
       Mace              |    77 |       |       |       |       ||    77
       Short sword       |    10 |   227 |   103 |   419 |       ||   759
       Quarterstaff      |    10 |       |       |       |       ||    10
       Trident           |       |    73 |   185 |       |       ||   258
       Punch             |       |       |       |     1 |     1 ||     2
       Scimitar          |       |       |       |    71 |   335 ||   406
Invok: Curse Item        |       |     1 |     4 |     1 |     3 ||     9
       Shatter the Chain |       |     1 |       |     1 |     1 ||     3
Evoke: Wand              |    14 |     3 |    15 |     5 |    35 ||    72
       Piece from Xom's  |       |    13 |    11 |       |     3 ||    27
       Phial of floods   |       |       |       |       |     3 ||     3
  Use: Scroll            |     1 |     4 |     4 |     3 |     8 ||    20
       Potion            |       |     4 |     2 |     6 |    13 ||    25
 Stab: Sleeping          |     2 |     3 |     6 |     8 |     2 ||    21
       Petrified         |       |     7 |       |     1 |       ||     8
       Distracted        |       |     1 |       |     4 |     1 ||     6
       Confused          |       |       |     2 |       |       ||     2
       Invisible         |       |       |       |     1 |       ||     1
Armor: Leather armour    |    69 |       |       |       |       ||    69
       Ring mail         |     6 |   119 |    86 |   116 |    95 ||   422
       Chain mail        |       |       |       |       |    25 ||    25
Dodge: Dodged            |   115 |   163 |   162 |   268 |   247 ||   955
Block: Other             |       |    67 |    55 |    76 |    89 ||   287
       Reflection        |       |     1 |     3 |     4 |     3 ||    11
       Rpst.: Scimitar   |       |       |       |    11 |    47 ||    58
